 Dungeon Crawl Stone Soup version 0.29-a0-962-gc8bbfd0a37 (webtiles) character file.

Game seed: 7589673663405491877

79107 jlumianski the Demonic Cataclysm (level 15, -10/113 HPs)
             Began as a Demonspawn Ice Elementalist on July 30, 2022.
             Was a High Priest of Qazlal.
             Mangled by a large abomination (25 damage)
             ... on level 2 of the Abyss.
             The game lasted 02:53:23 (20997 turns).

jlumianski the Demonic Cataclysm (DsIE)            Turns: 20997, Time: 02:53:25

Health: -10/113    AC: 27    Str: 10    XL:     15   Next: 20%
Magic:  0/23       EV: 17    Int: 21    God:    Qazlal [*****.]
Gold:   2250       SH: 15    Dex: 10    Spells: 20/35 levels left

rFire   . . .      SeeInvis .   Q - +3 lajatang "Yvoimeam" {vamp, rElec rPois Int+3}
rCold   . . .      Faith    .   (shield currently unavailable)
rNeg    . . .      Spirit   +   O - +3 troll leather armour {Snorg}
rPois   +          Reflect  +   (helmet restricted)
rElec   +          Harm     .   l - +2 cloak {rCorr}
rCorr   +          Rampage  .   (gloves unavailable)
Will    +....                   u - +1 pair of boots
Stlth   +.........              C - amulet of reflection
HPRegen 0.00/turn               v - +4 ring of protection
MPRegen 0.36/turn               s - ring of Vomain {rElec EV+4}

@: ice-armoured, protected from physical damage, sick, repel missiles
A: antennae 2, robust 1, magic shield, magic regeneration, condensation shield,
weakness stinger 1, demonic touch 3, [clumsy 2], [dopey 2], [low MP 2], [no
potion heal 2]
a: Renounce Religion, Upheaval, Elemental Force, Disaster Area


You were on level 2 of the Abyss.
You worshipped Qazlal.
Qazlal was extremely pleased with you.
You visited 4 branches of the dungeon, and saw 19 of its levels.
You visited the Abyss 1 time.
You also visited: Sewer, Bailey and Volcano.

You collected 3017 gold pieces.
You spent 767 gold pieces at shops.

Inventory:

Hand Weapons
 f - a +7 quick blade of electrocution
 t - the +12 dagger of Gomov {flame, *Noise Str+4 Int+5}
   (You found it on level 11 of the Dungeon)

   It burns those it strikes, dealing additional fire damage.
   Str:       It affects your strength (+4).
   Int:       It affects your intelligence (+5).
   *Noise:    It may make noises in combat.
 Q - the +3 lajatang "Yvoimeam" (weapon) {vamp, rElec rPois Int+3}
   (You took it off a deep elf pyromancer on level 13 of the Dungeon)

   It occasionally heals its wielder for a portion of the damage dealt when it
   wounds a living foe.
   Int:       It affects your intelligence (+3).
   rElec:     It insulates you from electricity.
   rPois:     It protects you from poison.
 Y - a +4 demon whip
Missiles
 m - 8 curare-tipped darts
 n - 3 javelins
 w - 54 poisoned darts
 B - 17 boomerangs (quivered)
Armour
 l - a +2 cloak of preservation (worn)
 u - a +1 pair of boots (worn)
 D - the +2 pair of gloves "Genir" {rC+}
   (You acquired it in a bailey)

   rC:        It protects you from cold.
 F - a +3 leather armour of fire resistance
 O - a +3 troll leather armour (worn) {Snorg}
Jewellery
 e - a +4 ring of evasion
 s - the ring of Vomain (right hand) {rElec EV+4}
   (You found it on level 2 of the Dungeon)

   [ring of evasion]

   EV:        It affects your evasion (+4).
   rElec:     It insulates you from electricity.
 v - a +4 ring of protection (left hand)
 C - an amulet of reflection (around neck)
 I - a ring of ice
 K - a ring of magical power
 N - a +6 ring of intelligence
 W - a ring of wizardry
Wands
 d - a wand of flame (11)
 i - a wand of polymorph (3)
 o - a wand of charming (14)
 E - a wand of light (12)
 R - a wand of iceblast (6)
 V - a wand of digging (5)
Scrolls
 c - 4 scrolls of identify
 j - 2 scrolls of immolation
 k - 4 scrolls of teleportation
 r - 2 scrolls of amnesia
 y - a scroll of silence
 A - 3 scrolls of poison
 G - 3 scrolls of blinking
 S - a scroll of noise
 X - a scroll of magic mapping
Potions
 a - a potion of invisibility
 b - 5 potions of magic
 g - a potion of heal wounds
 h - 6 potions of curing
 p - 4 potions of haste
 q - 8 potions of flight
 x - 4 potions of might
 z - 2 potions of cancellation
 H - a potion of lignification
 M - a potion of berserk rage
 P - a potion of ambrosia
Miscellaneous
 J - a phantom mirror
 L - a box of beasts
 T - a phial of floods
 U - a lightning rod (1/4)


   Skills:
 + Level 5.2 Fighting
 - Level 5.9(6.8) Short Blades
 + Level 5.3(6.5) Long Blades
 * Level 4.2 Staves
 + Level 4.2 Armour
 + Level 5.8 Dodging
 + Level 3.9 Stealth
 + Level 7.2 Shields
 + Level 0.4 Unarmed Combat
 + Level 10.7 Spellcasting
 + Level 1.2 Conjurations
 * Level 10.8 Fire Magic
 + Level 9.4 Ice Magic
 * Level 11.2 Invocations
 * Level 8.6 Evocations


You had 20 spell levels left.
You knew the following spells:

 Your Spells              Type           Power      Damage    Failure   Level
a - Freeze                Ice            100%       1d11      1%          1
b - Frozen Ramparts       Ice            100%       1d12      1%          3
c - Scorch                Fire           100%       2d10      1%          2
d - Ozocubu's Armour      Ice            50%        N/A       1%          3
e - Hailstorm             Conj/Ice       33%        3d8       9%          4
f - Wereblood             Tmut           11%        N/A       12%         2

Your spell library contained the following spells:

 Spells                   Type           Power      Damage    Failure   Level
 Inner Flame              Hex/Fire       34%        N/A       2%          3
 Flame Wave               Conj/Fire      36%        2d10      7%          4
 Apportation              Tloc           22%        N/A       8%          1
 Beastly Appendage        Tmut           22%        N/A       8%          1
 Spider Form              Tmut/Pois      11%        N/A       24%         3
 Cause Fear               Hex            5%         N/A       61%         4
 Alistair's Intoxication  Tmut/Pois      7%         N/A       91%         5
 Summon Cactus Giant      Summ           5%         N/A       100%        6
 Discord                  Hex            5%         N/A       100%        8


Dungeon Overview and Level Annotations

Branches:
Dungeon (15/15)            Temple (1/1) D:5            Lair (1/5) D:10
    Orc (2/2) D:9             Elf (0/3) Orc:2        Vaults (0/5) D:13
  Sewer (visited)          Bailey (visited)         Volcano (visited)
 Depths: D:15

Altars:
Ashenzari
Cheibriados
Dithmenos
Fedhas
Gozag
Hepliaklqana
Kikubaaqudgha
Makhleb
Nemelex Xobeh
Okawaru
Qazlal
Ru
Sif Muna
Trog
Uskayaw
Vehumet
Wu Jian
Xom
Yredelemnul

Shops:
D:2 :   D:4 *[*=[   D:11 (*[[   Orc:2 ?*?*[

Annotations:
D:12 Kirke


Innate Abilities, Weirdness & Mutations

You have a pair of antennae on your head.
You are robust. (+10% HP)
When hurt, damage is shared between your health and your magic reserves.
You regenerate magic rapidly.
A meltable shield of frost defends you. (SH +4)
You have a small tail.
Your touch may irresistibly damage your foes and sap their willpower.
[You are very clumsy. (Dex -4)]
[You are very dopey. (Int -4)]
[Your magical capacity is very low. (-20% MP)]
[Potions cannot restore your health.]


Message History

The lance of force hits you!!
You feel protected from physical attacks.
* * * LOW HITPOINT WARNING * * *
You are knocked back by the lance of force.
You slam into the metal wall!
The large abomination barely misses you.
Casting: Ozocubu's Armour (safe; 1% risk of failure)
Confirm with . or Enter, or press ? or * to list all spells.
Your icy armour thickens.
You hear a roar!
The wretched star pulses with an eldritch light!
You feel stupid. x2
You block the large abomination's attack.
You slash the wretched star!
You tail-slap the wretched star, but do no damage.
The wretched star is heavily damaged.
The large abomination closely misses you.
The wretched star pulses with an eldritch light!
Your system partially rejects the healing effects of potions.
Your system completely rejects the healing effects of potions.
Casting: Ozocubu's Armour (safe; 1% risk of failure)
Confirm with . or Enter, or press ? or * to list all spells.
Okay, then.
You hit the wretched star.
The wretched star is heavily damaged.
The large abomination misses you.
The wretched star glows turbulently.
The lance of force hits you.
* * * LOW HITPOINT WARNING * * *
You are knocked back by the lance of force.
You slam into the metal wall!
* * * LOW HITPOINT WARNING * * *
Okay, then.
Aiming: Thunderbolt
Press: ? - help, Shift-Dir - straight line, f - wretched star
Aim: a wretched star (heavily damaged)
The thunderbolt hits the wretched star.
The wretched star resists.
The wretched star is severely damaged.
The large abomination hits you!!
You die...

# . #.. ##. .
# # . # # .# #
.. # ...# # .
.. . #. . .
#.# #. .. . .
#...###### ##
... .
..#...°X@#
..##. .#### #
........#*#.#
.##
.##..##§#.#..#
# #. #....###
#. #...... ..#
####... ###
#.... ###.#
...


You could see a wretched star and a large abomination.

Vanquished Creatures
  A tentacled starspawn (Abyss:2)
  A fire giant (D:12)
  A frost giant (D:11)
  An orc warlord (Bailey)
  A red draconian (Volcano)
  Snorg (D:12)
  2 ettins
  A yaktaur captain (D:11)
  A rakshasa (D:12)
  An ogre mage (D:13)
  9 centaur warriors
  6 hydras
  An ice dragon (D:11)
  6 two-headed ogres
  A deep troll earth mage (D:11)
  5 orc high priests
  A hell knight (D:15)
  A deep elf knight (D:13)
  2 deep trolls (D:15)
  A wizard (D:14)
  2 orc knights
  A harpy (D:11)
  7 deep elf pyromancers
  2 large abominations (Abyss:2)
  A deep elf zephyrmancer (D:11)
  Pikel (D:4)
  5 orc sorcerers
  17 ugly things
  5 cyclopes
  5 manticores
  A water nymph (shapeshifter) (D:14)
  2 gargoyles
  Psyche (D:12)
  Maggie (D:8)
  An unseen horror (D:12)
  3 efreet
  A yaktaur (D:13)
  A freezing wraith (D:11)
  An ancient zyme (Abyss:2)
  3 komodo dragons
  4 trolls
  A hornet (D:10)
  2 slime creatures
  A dream sheep (shapeshifter) (D:13)
  Sigmund (D:6)
  2 shadows
  A culicivora (shapeshifter) (D:12)
  3 hogs (D:12)
  2 wyverns
  A basilisk (D:12)
  3 fire bats (Orc:1)
  21 yaks
  18 vampire mosquitoes
  4 steam dragons
  A small abomination (Abyss:2)
  5 wargs
  Duvessa (D:5)
  5 water moccasins
  An acid dragon (D:13)
  An ice beast (D:5)
  29 orc warriors
  3 black bears
  A sky beast (D:7)
  2 boggarts
  9 ogres
  14 centaurs
  2 phantoms (D:5)
  Blork the orc (D:5)
  6 bullfrogs
  7 kobold brigands
  3 gnoll sergeants
  3 scorpions
  2 necrophages
  4 wights (D:6)
  Dowan (D:5)
  20 killer bees
  2 howler monkeys
  6 starcursed masses (Abyss:2)
  5 jellies
  A hound (D:5)
  26 orc priests
  3 iron imps (D:8)
  4 iguanas
  27 orc wizards
  Robin (D:2)
  23 gnolls
  10 adders
  A shadow imp (D:7)
  4 white imps
  An ufetubus (D:7)
  3 worms
  3 dart slugs (D:4)
  63 orcs
  4 bats
  20 endoplasms
  13 giant cockroaches
  20 goblins
  14 hobgoblins
  11 jackals
  27 kobolds
  3 quokkas
  9 ball pythons
  12 frilled lizards
  9 rats
  2 starspawn tentacles (Abyss:2)
617 creatures vanquished.

Vanquished Creatures (collateral kills)
  A two-headed ogre (D:15)
1 creature vanquished.

Vanquished Creatures (others)
  Nessos (D:15)
  An ogre mage (D:15)
  2 centaurs (Volcano)
  23 fungi (D:10)
  23 plants
  4 withered plants (D:2)
54 creatures vanquished.

Grand Total: 672 creatures vanquished

Notes
Turn   | Place    | Note
-------+----------+-------------------------------------------
     0 | D:1      | jlumianski the Demonspawn Ice Elementalist began the quest
                  | for the Orb.
     0 | D:1      | Reached XP level 1. HP: 13/13 MP: 3/3
    92 | D:1      | Discovered your monstrous ancestry.
    92 | D:1      | Gained mutation: You have a pair of small antennae on your
                  | head. [demonic ancestry]
    92 | D:1      | Reached XP level 2. HP: 3/19 MP: 0/5
  1208 | D:2      | Gained mutation: A meltable shield of frost defends you.
                  | (SH +4) [demonic ancestry]
  1208 | D:2      | Reached XP level 3. HP: 24/24 MP: 6/6
  1251 | D:1      | Learned a level 3 spell: Frozen Ramparts
  1474 | D:2      | Learned a level 2 spell: Scorch
  1687 | D:2      | Found Cajomuit's Book Emporium.
  1798 | D:2      | Found a faded altar of an unknown god.
  1870 | D:3      | Noticed Robin
  2383 | D:2      | Identified the ring of Vomain {rElec EV+4}
  2577 | D:2      | Reached XP level 4. HP: 30/30 MP: 3/7
  2621 | D:2      | Killed Robin
  2921 | D:4      | Reached skill level 1 in Fire Magic
  2929 | D:4      | Found a glowing drain.
  2976 | Sewer    | Entered a sewer
  3197 | Sewer    | Gained mutation: You have a pair of antennae on your head.
                  | [demonic ancestry]
  3197 | Sewer    | Reached XP level 5. HP: 35/35 MP: 4/9
  3414 | Sewer    | Reached skill level 1 in Armour
  3457 | Sewer    | Found a viscous altar of Jiyva.
  3516 | Sewer    | Gained mutation: You regenerate magic rapidly. [demonic
                  | ancestry]
  3516 | Sewer    | Reached XP level 6. HP: 42/42 MP: 6/10
  3522 | Sewer    | Learned a level 3 spell: Ozocubu's Armour
  3603 | D:3      | Found a sparkling altar of Nemelex Xobeh.
  3722 | D:4      | Found Xashouj's Armour Shop.
  3872 | D:3      | Reached skill level 5 in Ice Magic
  4582 | D:5      | Entered Level 5 of the Dungeon
  4721 | D:4      | Found Ytocesei's Jewellery Shoppe.
  4724 | D:4      | Reached skill level 1 in Long Blades
  4896 | D:4      | Found Ufoeph's Assorted Antiques.
  4905 | D:4      | Bought a runed leather armour for 140 gold pieces
  4999 | D:4      | Found Ejeava's Armour Shop.
  5054 | D:4      | Found Piosad's Assorted Antiques.
  5168 | D:5      | Found a blossoming altar of Fedhas.
  5189 | D:5      | Reached XP level 7. HP: 47/47 MP: 10/12
  5242 | D:5      | You fall into a shaft and drop 1 floor!
  5677 | D:6      | Found an iron altar of Okawaru.
  5743 | D:6      | Noticed a steam dragon
  5752 | D:6      | Killed a steam dragon
  5753 | D:6      | Reached skill level 1 in Fighting
  5753 | D:6      | Reached skill level 1 in Shields
  5812 | D:5      | Noticed Duvessa
  5812 | D:5      | Noticed Dowan
  5839 | D:5      | Killed Duvessa
  5840 | D:5      | Gained mutation: Your touch may inflict minor irresistible
                  | damage on your foes. [demonic ancestry]
  5840 | D:5      | Reached XP level 8. HP: 42/54 MP: 8/14
  6065 | D:5      | Found a staircase to the Ecumenical Temple.
  6071 | Temple   | Entered the Ecumenical Temple
  6088 | Temple   | Became a worshipper of Qazlal Stormbringer
  6380 | D:5      | Killed Dowan
  6463 | D:6      | Noticed Sigmund
  6484 | D:5      | Noticed Pikel
  6576 | D:4      | Killed Pikel
  6577 | D:4      | Reached skill level 5 in Spellcasting
  6577 | D:4      | Gained mutation: Your touch may inflict irresistible damage
                  | on your foes. [demonic ancestry]
  6577 | D:4      | Reached XP level 9. HP: 49/61 MP: 13/16
  7248 | D:6      | Reached skill level 5 in Fire Magic
  7260 | D:6      | Found a shadowy altar of Dithmenos.
  7357 | D:6      | Noticed Blork the orc
  7376 | D:5      | Killed Blork the orc
  7859 | D:6      | Killed Sigmund
  8467 | D:7      | Found a shimmering blue altar of Sif Muna.
  8880 | D:7      | Upgraded the game from 0.29-a0-925-g0a7a3d12f8 to
                  | 0.29-a0-962-gc8bbfd0a37
  9191 | D:7      | Found a bloodstained altar of Trog.
  9217 | D:7      | Reached * piety under Qazlal
  9218 | D:7      | Reached skill level 5 in Long Blades
  9478 | D:9      | Identified a scroll of acquirement
  9478 | D:9      | Acquired a +5 quick blade
  9589 | D:9      | Gained mutation: When hurt, damage is shared between your
                  | health and your magic reserves. [demonic ancestry]
  9589 | D:9      | Reached XP level 10. HP: 68/68 MP: 14/19
  9600 | D:9      | Found a flagged portal.
  9611 | Bailey   | Entered a bailey
  9633 | Bailey   | Noticed an orc warlord
  9648 | Bailey   | Found the +8 orange crystal plate armour {Archmagi, Int+3
                  | Clar}
  9740 | Bailey   | Found a runed translucent gate.
  9747 | Bailey   | Found a runed translucent gate.
  9748 | Bailey   | Found a runed translucent gate.
  9756 | Bailey   | Noticed an orc knight
  9770 | Bailey   | Killed an orc knight
 10120 | Bailey   | Killed an orc warlord
 10121 | Bailey   | Reached skill level 1 in Short Blades
 10183 | Bailey   | Acquired the +2 pair of gloves "Genir" {rC+}
 10424 | D:8      | Found a burning altar of Makhleb.
 10450 | D:8      | Reached ** piety under Qazlal
 10593 | D:8      | Found an ancient bone altar of Kikubaaqudgha.
 10662 | D:8      | Reached skill level 1 in Invocations
 10668 | D:8      | Reached skill level 2 in Invocations
 10668 | D:8      | Reached skill level 1 in Evocations
 10820 | D:8      | Noticed Maggie
 10834 | D:8      | Killed Maggie
 10835 | D:8      | Reached skill level 3 in Invocations
 11225 | D:8      | Reached skill level 5 in Invocations
 11225 | D:8      | Reached XP level 11. HP: 75/75 MP: 20/22
 11303 | D:10     | Entered Level 10 of the Dungeon
 11332 | D:9      | Found a staircase to the Orcish Mines.
 11357 | D:9      | Found an ornate altar of the Wu Jian Council.
 11438 | D:9      | Reached skill level 6 in Invocations
 11956 | D:10     | Gained mutation: You have a small tail. [demonic ancestry]
 11956 | D:10     | Reached XP level 12. HP: 83/83 MP: 18/23
 12330 | D:10     | Found a staircase to the Lair.
 12576 | D:10     | Reached *** piety under Qazlal
 13074 | D:11     | Reached skill level 7 in Invocations
 13141 | D:11     | Found Mianac's General Store.
 13150 | D:11     | Bought a potion of curing for 39 gold pieces
 13152 | D:11     | Found Hyiberea's Armour Shop.
 13171 | D:11     | Bought a +1 cloak of preservation for 231 gold pieces
 13299 | D:11     | Found Geddulad's Antique Armour Boutique.
 13412 | D:11     | Found Vim Qoogeo's Weapon Boutique.
 13761 | D:11     | Reached skill level 5 in Evocations
 13905 | D:11     | Noticed a frost giant
 13928 | D:11     | Killed a frost giant
 14243 | D:11     | Noticed a centaur warrior
 14254 | D:11     | Killed a centaur warrior
 14271 | D:11     | Noticed a deep troll earth mage
 14278 | D:11     | Killed a deep troll earth mage
 14279 | D:11     | Reached skill level 8 in Invocations
 14283 | D:11     | Identified the +12 dagger of Gomov {flame, *Noise Str+4
                  | Int+5}
 14627 | D:11     | Noticed an ice dragon
 14630 | D:11     | Noticed a yaktaur captain
 14647 | D:11     | Killed an ice dragon
 14647 | D:11     | Killed a yaktaur captain
 14647 | D:11     | Reached **** piety under Qazlal
 14648 | D:11     | Reached XP level 13. HP: 44/88 MP: 14/26
 14886 | D:11     | Learned a level 4 spell: Hailstorm
 15081 | D:12     | Noticed Snorg
 15098 | D:12     | Killed Snorg
 15180 | D:12     | Noticed Kirke
 15193 | D:12     | Noticed a sphinx
 15327 | D:12     | Noticed Psyche
 15400 | D:12     | Killed Psyche
 15731 | D:12     | Reached skill level 5 in Shields
 15858 | D:13     | Noticed a fire giant
 15989 | Lair:1   | Entered Level 1 of the Lair of Beasts
 16050 | Orc:1    | Entered Level 1 of the Orcish Mines
 16071 | Orc:1    | Reached skill level 9 in Invocations
 16183 | Orc:1    | Noticed an ettin
 16190 | Orc:1    | Killed an ettin
 16217 | Orc:1    | Found a dark tunnel.
 16229 | Volcano  | Entered a volcano
 16271 | Volcano  | Found a radiant altar of Vehumet.
 16272 | Volcano  | Noticed a red draconian
 16278 | Volcano  | Reached skill level 5 in Dodging
 16313 | Volcano  | Killed a red draconian
 16858 | Orc:2    | Entered Level 2 of the Orcish Mines
 16945 | Orc:2    | Found a staircase to the Elven Halls.
 17181 | Orc:2    | Found Uppeber's Magic Scroll Boutique.
 17224 | Orc:2    | Bought a scroll of enchant armour for 90 gold pieces
 17224 | Orc:2    | Bought a scroll of amnesia for 48 gold pieces
 17305 | Orc:2    | Reached skill level 5 in Short Blades
 17424 | Orc:1    | Reached skill level 10 in Spellcasting
 17556 | Orc:2    | Paralysed by an orc sorcerer for 2 turns
 17611 | Orc:2    | Gained mutation: Your touch may irresistibly damage your
                  | foes and sap their willpower. [demonic ancestry]
 17611 | Orc:2    | Reached XP level 14. HP: 95/95 MP: 21/28
 17613 | Orc:2    | Reached ***** piety under Qazlal
 17680 | Orc:2    | Found Fanun's General Store.
 17680 | Orc:2    | Found Gilufokk's Armour Emporium.
 17686 | Orc:2    | Found Caimolaw's General Store.
 17686 | Orc:2    | Found Temow's Magic Scroll Shoppe.
 17739 | Orc:2    | Bought a potion of heal wounds for 55 gold pieces
 17741 | Orc:2    | Bought a +0 pair of boots for 67 gold pieces
 17748 | Orc:2    | Bought a scroll of blinking for 97 gold pieces
 17776 | Orc:2    | Reached skill level 1 in Conjurations
 18030 | Orc:2    | Found a shimmering blue altar of Sif Muna.
 18437 | D:12     | Killed a fire giant
 18532 | D:12     | Reached skill level 10 in Fire Magic
 18569 | D:12     | Acquired 1144 gold pieces
 18857 | D:12     | Reached skill level 10 in Invocations
 19496 | D:13     | Identified the +3 lajatang "Yvoimeam" {vamp, rElec rPois
                  | Int+3}
 19682 | D:13     | Found a gate to the Vaults.
 19939 | D:14     | Learned a level 2 spell: Wereblood
 19973 | D:14     | Found a radiant altar of Vehumet.
 20121 | D:14     | Reached skill level 5 in Fighting
 20343 | D:14     | Reached skill level 1 in Staves
 20640 | D:15     | Entered Level 15 of the Dungeon
 20645 | D:15     | Noticed Nessos
 20654 | D:15     | Killed Nessos
 20655 | D:15     | Reached skill level 11 in Invocations
 20664 | D:15     | Gained mutation: You are robust. (+10% HP) [demonic
                  | ancestry]
 20664 | D:15     | Reached XP level 15. HP: 87/113 MP: 9/29
 20881 | Abyss:2  | Cast into level 2 of the Abyss (a wizard)
 20900 | Abyss:2  | Found a corrupted altar of Lugonu.
 20909 | Abyss:2  | Noticed a tentacled starspawn
 20918 | Abyss:2  | Killed a tentacled starspawn
 20919 | Abyss:2  | Found a corrupted altar of Lugonu.
 20963 | Abyss:2  | Paralysed by accursed screaming for 1 turns
 20967 | Abyss:2  | Paralysed by accursed screaming for 1 turns
 20997 | Abyss:2  | Mangled by a large abomination

Illustrated notes

Levels and vault maps discovered:
D:1:      mrwooster_arrival_statue_3, layout_loops_ring
D:2:      layout_loops_cross, shapermc_ecumenical_altar_flowoftime,
          serial_shops, nicolae_shop_stone, ebering_dispersal_statue_hall,
          chequers_serial_rivers_large_a
D:3:      layout_rooms, nemelex_xobeh_ov_fountains_minmay,
          serial_co_window_serial, co_window_paths_a, co_window_paths_b,
          co_window_corner_a, co_window_of_opportunity_a, co_window_cross_1,
          co_window_corner_cb, co_window_corner_b, co_window_broadway_c,
          co_window_unsneaky_path_e, co_window_of_opportunity_c,
          co_window_broadway_b, co_window_4corner_b, glass_columns_a, uniq_robin
D:4:      layout_rooms, serial_shops, shop, nicolae_shop_window_shopping, shop,
          nicolae_square_shop, nicolae_shop_behind_doors, portal_sewer_entry_a
D:5:      layout_gridville, kennysheep_little_box, overflow_temple_1_default,
          minmay_temple_entry_nine_rooms, chequers_serial_rivers_small_b,
          uniq_duvessa, uniq_pikel
D:6:      layout_cave_pools, kennysheep_okawaru_gauntlet, amcnicky_altar_gilded,
          nicolae_concentric_dashed_squares_mild, uniq_sigmund,
          uniq_blork_the_orc
D:7:      layout_cave_pools, trog_butcher_becter, mainiacjoe_overflow_brackets,
          lemuel_round_altar
D:8:      layout_basic, demons_altar, old_standard_altar, uniq_maggie
D:9:      layout_basic, nzn_wu_jian_council_hall, orc_0_dummy, serial_glass,
          glass_columns_b, glass_columns_a, glass_columns_a, glass_columns_a,
          glass_columns_a, glass_columns_a, glass_columns_c, glass_columns_b,
          enter_bailey_3
D:10:     layout_loops_corners, due_lair_maze_entry_diamond
D:11:     minmay_tearing_corner, layout_loops_ring, serial_shops,
          nicolae_shop_advertising_works [nicolae_subvault_shop_adworks],
          nicolae_shop_hallway_stairs, shop, nicolae_shop_hallway_plus
D:12:     layout_loops_corners, uniq_snorg, uniq_psyche, uniq_kirke
D:13:     nzn_winding_woodlands_small [nzn_winding_woodlands_5x15_pockets,
          nzn_winding_woodlands_center_garden,
          nzn_winding_woodlands_5x15_river_crossing], layout_irregular_city,
          hangedman_vaults_entry_quadrant_bands
D:14:     layout_irregular_city, nicolae_vehumet_radiance
D:15:     hangedman_depths_entry_civil_slaughter, layout_long_grid,
          hangedman_abyss_or_decor_passed, nicolae_qazlal_scattered_showers,
          uniq_nessos
Temple:   minmay_freezing_vapour_temple
Lair:1:   layout_cave_pods, hangedman_lair_unloving_vines, minivault_27,
          serial_bayou_shore_a, serial_bayou_shore_b
Orc:1:    layout_caves, nicolae_volcano_entry_batcave, nicolae_orc_tapped_out
Orc:2:    st_orc_mages, layout_caves, serial_shops, nicolae_shop_waterfront,
          kennysheep_orc_sif_temple
Abyss:2:  base:
D:14

Skill      XL: |  1  2  3  4  5  6  7  8  9 10 11 12 13 14 15 |
---------------+----------------------------------------------+-----
Ice Magic      | 4 5 6 7 8 9 |  9.4
Dodging        | 2 3 4 5 |  5.8
Stealth        | 2 3 |  3.9
Fire Magic     | 1 2 3 4 6 7 8 9 10 | 10.8
Spellcasting   | 3 4 5 6 7 9 10 | 10.7
Armour         | 1 2 3 4 |  4.2
Long Blades    | 1 2 4 5 |  5.3
Fighting       | 1 2 3 4 5 |  5.2
Shields        | 1 2 3 4 5 7 |  7.2
Short Blades   | 3 4 5 |  5.9
Invocations    | 5 6 8 9 11 | 11.2
Evocations     | 3 4 5 7 8 |  8.6
Conjurations   | 1 |  1.2
Staves         | 3 4 |  4.2
Unarmed Combat | |  0.4

Action                   |  1- 3 |  4- 6 |  7- 9 | 10-12 | 13-15 || total
-------------------------+-------+-------+-------+-------+-------++-------
Melee: Dagger            |    76 |     2 |       |    29 |   441 ||   548
       Punch             |     1 |       |     1 |     6 |     8 ||    16
       Great sword       |       |    86 |    24 |       |       ||   110
       Scimitar          |       |       |   159 |       |       ||   159
       Touch             |       |       |    14 |    78 |    88 ||   180
       Quick blade       |       |       |     2 |   326 |       ||   328
       Tailslap          |       |       |       |    45 |    97 ||   142
       Unarmed           |       |       |       |       |     2 ||     2
       Lajatang          |       |       |       |       |   110 ||   110
 Cast: Freeze            |    35 |     2 |       |       |       ||    37
       Frozen Ramparts   |    10 |    39 |    43 |    39 |    50 ||   181
       Ozocubu's Armour  |       |     6 |    15 |    20 |    37 ||    78
       Scorch            |       |     3 |    19 |    10 |     3 ||    35
       Hailstorm         |       |       |       |       |    19 ||    19
       Wereblood         |       |       |       |       |     1 ||     1
Invok: Elemental Force   |       |       |       |       |     4 ||     4
       Upheaval          |       |       |       |       |     8 ||     8
Evoke: Wand              |       |       |       |     1 |       ||     1
       Lightning rod     |       |       |       |       |     6 ||     6
       Phantom mirror    |       |       |       |       |     1 ||     1
  Use: Potion            |     2 |     1 |     3 |     4 |     5 ||    15
       Scroll            |     2 |     1 |    10 |    10 |     9 ||    32
 Stab: Sleeping          |     3 |     2 |     3 |       |       ||     8
       Invisible         |       |       |       |     2 |       ||     2
       Paralysed         |       |       |       |       |     3 ||     3
Armor: Robe              |     3 |       |       |       |       ||     3
       Leather armour    |    13 |    21 |    47 |    57 |     8 ||   146
       Troll leather arm |       |       |       |       |   183 ||   183
Dodge: Dodged            |    76 |    64 |   159 |   140 |   346 ||   785
       Repelled          |       |       |       |       |    15 ||    15
Block: Other             |    10 |    28 |   120 |   147 |   392 ||   697
       Reflection        |       |       |     8 |    15 |    47 ||    70

Table legend: (Time is in decaauts)
 A = Elapsed time spent in this place.
 B = Non-inter-level travel time spent in this place.
 C = Inter-level travel time spent in this place.
 D = Time resting spent in this place.
 E = Time spent auto-exploring this place.
 F = Levels seen in this place.
 G = Mean time per level.
                   A        B        C        D        E       F      G
               +--------+--------+--------+--------+--------+-----+--------+
         Total |  20940 |  20505 |    435 |   2801 |   9185 |  23 |  910.4 |
       Dungeon |  17205 |  16771 |    434 |   2353 |   8093 |  15 | 1147.0 |
        Temple |     22 |     22 |      0 |      0 |      0 |   1 |   22.0 |
          Lair |      1 |      1 |      0 |      0 |      0 |   1 |    1.0 |
  Orcish Mines |   1914 |   1914 |      0 |     96 |    761 |   2 |  957.0 |
         Abyss |    122 |    122 |      0 |      0 |      0 |   1 |  122.0 |
         Sewer |    638 |    638 |      0 |     98 |    104 |   1 |  638.0 |
        Bailey |    750 |    750 |      0 |    206 |    175 |   1 |  750.0 |
       Volcano |    284 |    284 |      0 |     48 |     50 |   1 |  284.0 |
               +--------+--------+--------+--------+--------+-----+--------+

Top non-repeatable levels by time:
    D:11: 2004 daAuts
     D:5: 1995 daAuts
     D:6: 1450 daAuts
     D:2: 1436 daAuts
    D:12: 1314 daAuts
     D:1: 1284 daAuts
   Orc:2: 1244 daAuts
    D:10: 1154 daAuts
     D:3: 1100 daAuts
    D:13: 963 daAuts
     D:9: 956 daAuts
     D:8: 932 daAuts
    D:14: 847 daAuts
     D:4: 808 daAuts
     D:7: 782 daAuts
